 Dungeon Crawl Stone Soup version 0.21.1-1-g345015fe64 (webtiles) character file.

46 HypnoRock the Ruffian (level 3, 30/33 HPs)
             Began as a Ghoul Monk on June 9, 2018.
             Quit the game on level 2 of the Dungeon.
             The game lasted 00:12:35 (957 turns).

HypnoRock the Ruffian (Ghoul Monk)                   Turns: 957, Time: 00:12:36

Health: 30/33      AC:  6    Str: 15    XL:     3   Next: 68%
Magic:  2/2        EV: 10    Int:  5    God:
Gold:   75         SH:  0    Dex: 11    Spells: 2/2 levels left

rFire    . . .     SeeInvis +     - Unarmed
rCold    + . .     Gourm    .   (no shield)
rNeg     + + +     Faith    .   n - +0 scale mail
rPois    ∞         Spirit   .   (no helmet)
rElec    .         Reflect  .   (no cloak)
rCorr    .         Harm     .   (no gloves)
MR       .....                  (no boots)
Stlth    +.........             (no amulet)
HPRegen  0.11/turn              p - ring of see invisible
MPRegen  0.08/turn              (no ring)

@: rotting
A: rotting body, claws 1, carnivore, cold resistance 1, negative energy
resistance 3, inhibited regeneration, torment resistance, unbreathing
a: no special abilities


You were on level 2 of the Dungeon.
You were not hungry.

You visited 1 branch of the dungeon, and saw 2 of its levels.

You collected 75 gold pieces.

Inventory:

Missiles
 d - 35 stones (quivered)
Armour
 a - a +0 robe
 c - a cursed +0 plate armour
 n - a +0 scale mail (worn)
Jewellery
 p - a ring of see invisible (left claw)
Scrolls
 e - 2 scrolls of remove curse {unknown}
 h - 5 scrolls of amnesia {unknown}
 i - 2 scrolls of identify {unknown}
 k - a scroll of random uselessness {unknown}
 l - a scroll of fog {unknown}
 m - a scroll of blinking {unknown}
 q - a scroll of immolation {unknown}
Potions
 g - a potion of cancellation {unknown}
 j - a potion of mutation {unknown}
 o - a potion of haste {unknown}
Comestibles
 b - 4 rations
 f - 2 chunks of flesh


   Skills:
 - Level 4.0 Fighting
 - Level 2.6 Dodging
 - Level 3.0 Stealth
 + Level 4.0 Unarmed Combat


You had 2 spell levels left.
You didn't know any spells.

Dungeon Overview and Level Annotations

Branches:
Dungeon (2/15)

Altars:


Innate Abilities, Weirdness & Mutations

Your body is rotting away.
You thrive on raw meat.
You are immune to poison.
You have sharp fingernails.
You are carnivorous and can eat meat at any time.
Your flesh is cold resistant. (rC+)
You are immune to negative energy. (rN+++)
You do not regenerate when monsters are visible.
You are immune to unholy pain and torment.
You can survive without breathing.


Message History

The adder barely misses you.
You scratch the adder.
You kill the adder!
Training target 3.0 for Stealth reached!
Your Stealth skill increases to level 3!
You need to enable at least one skill for training.
Throwing (i - inventory):
d - 35 stones (quivered)
Press: ? - help, Shift-Dir - straight line, f - you Really target yourself? [Y]es or [N]o only, please.
Really target yourself?
Uppercase [Y]es or [N]o only, please.
Really target yourself?
That stone is likely to hit you.
Continue anyway? [Y]es or [N]o only, please.
That stone is likely to hit you.
Continue anyway? [Y]es or [N]o only, please.
That stone is likely to hit you.
Continue anyway?
Okay, then.
Are you sure you want to abandon this character and quit the game? (Confirm with "yes".)

#..#..........# ..
#.##..#...<#.#.###
##.##.##..#.####.#....
...#.##..#.####.#####
.............(......
#.......#...........
#.......#########.##
#.†### #.# #@# #.#
#.## #.# #..# #.#
##.## #.# #..# #.#
##.## #.# #..# #.#
##.## #.# #..# #.#


There were no monsters in sight!

Vanquished Creatures
  An adder (D:2)
  2 dart slugs (D:1)
  A leopard gecko (D:2)
  3 bats (D:1)
  3 giant cockroaches (D:1)
  5 goblins
  5 hobgoblins (D:1)
  4 frilled lizards
  4 kobolds (D:1)
  3 rats
31 creatures vanquished.

Notes
Turn   | Place    | Note
-------+----------+-------------------------------------------
     0 | D:1      | HypnoRock the Ghoul Monk began the quest for the Orb.
     0 | D:1      | Reached XP level 1. HP: 19/19 MP: 0/0
     3 | D:1      | Noticed an electric eel
     5 | D:1      | Noticed an electric eel
   131 | D:1      | Reached XP level 2. HP: 17/26 MP: 1/1
   471 | D:1      | Reached XP level 3. HP: 27/33 MP: 2/2
   957 | D:2      | Quit the game

Skill      XL: |  1  2  3 |
---------------+----------+-----
Unarmed Combat | 4 |  4.0
Fighting       | 4 |  4.0
Stealth        | 3 |  3.0
Dodging        | |  2.6

Action                   || total
-------------------------++-------
Melee: Unarmed           ||    80
Throw: Stone             ||     8
 Stab: Sleeping          ||     4
  Eat: Chunk             ||     5
Armor: Robe              ||     6
       Scale mail        ||    13
Dodge: Dodged            ||    31
